 Dungeon Crawl Stone Soup version 0.16.0-12-g7215832 (webtiles) character file.

57 Sorcv the Sneak (level 4, -4/24 HPs)
             Began as a Kobold Enchanter on Mar 18, 2015.
             Killed by divine providence
             ... invoked by an orc priest
              (13 damage)
             ... on level 3 of the Dungeon.
             The game lasted 00:04:28 (1216 turns).

Sorcv the Sneak (Kobold Enchanter)                  Turns: 1216, Time: 00:04:29

Health: -4/24      AC:  3    Str:  6    XL:     4   Next: 18%
Magic:  7/7        EV: 16    Int: 13    God:
Gold:   84         SH:  0    Dex: 20    Spells: 3 memorised, 1 level left

rFire  . . .     SeeInvis .     a - +1 dagger
rCold  . . .     Clarity  .     b - +1 robe
rNeg   . . .     SustAb   .     (no shield)
rPois  .         Gourm    .     (no helmet)
rElec  .         Spirit   .     (no cloak)
rCorr  +         Warding  .     (no gloves)
rMut   .         Rnd*Tele +     (no boots)
MR     .....                    k - amulet of resist corrosion
Stlth  ++++......               n - ring of teleportation (curse)
                                j - +3 ring of dexterity

@: not resistant to hostile enchantments, stealthy
A: carnivore 3
a: Evoke Teleportation


You were on level 3 of the Dungeon.
You were very hungry.

You visited 1 branch of the dungeon, and saw 3 of its levels.

You collected 84 gold pieces.

Inventory:

Hand weapons
 a - a +1 dagger (weapon)
Armour
 b - a +1 robe (worn)
Jewellery
 j - a +3 ring of dexterity (left hand)
 k - an amulet of resist corrosion (around neck)
 n - a cursed ring of teleportation (right hand)
Scrolls
 f - a scroll of random uselessness {unknown}
 g - a scroll of enchant armour {unknown}
 h - 2 scrolls of identify {unknown}
 i - 2 scrolls of remove curse {unknown}
 p - 2 scrolls of recharging {unknown}
Potions
 e - 2 potions of haste {unknown}
 l - 4 potions of curing {unknown}
Books
 c - a book of Maledictions

   Spells                             Type                      Level
   a - Corona                         Hexes                        1
   b - Sure Blade                     Hexes/Charms                 2
   c - Ensorcelled Hibernation        Hexes/Ice                    2
   d - Confuse                        Hexes                        3
   e - Dazzling Spray                 Conjuration/Hexes            3
   f - Enslavement                    Hexes                        4
Comestibles
 d - a meat ration
 m - 2 beef jerkies
 o - a royal jelly


   Skills:
 - Level 1.3 Short Blades
 - Level 2.4 Dodging
 + Level 6.6 Stealth
 - Level 2.0 Spellcasting
 - Level 3.0 Hexes


You had one spell level left.
You knew the following spells:

 Your Spells              Type           Power        Failure   Level  Hunger
a - Corona                Hex            #......      10%         1    ##.....
b - Ensorcelled Hibernat  Hex/Ice        #.....       21%         2    ###....
c - Confuse               Hex            #.......     21%         3    ####...


Dungeon Overview and Level Annotations

Branches:
Dungeon (3/15)

Altars:
Makhleb
Xom


Innate Abilities, Weirdness & Mutations

You are small and have problems with some larger weapons.
You are carnivorous and can eat meat at any time.


Message History

The orc priest is almost dead.
The orc priest hits you with a morningstar.
The orc closely misses you.
You closely miss the orc priest.
The orc priest is almost dead.
The orc completely misses you. The orc priest misses you.
You hit the orc priest but do no damage.
The orc priest is almost dead.
The orc misses you.
You closely miss the orc priest.
The orc priest is almost dead.
The orc priest completely misses you.
You barely miss the orc priest.
The orc priest is almost dead.
The orc hits you from afar with a trident.
The orc priest completely misses you.
The orc priest calls down the wrath of Beogh upon you.
Something smites you!
Ouch! That really hurt!
You die... ... . #.....# .#.....# .#....?# . ...... #... #.... #... ooo

#.... #o# #.... #@#
#....##.####
#..........#
###........#
#........# .
#####.#### #####.#
#.# #.....#
#######.######.....#
.............##.....#


You could see 2 orc priests and 2 orcs.

Vanquished Creatures
  2 adders (D:2)
  2 oozes (D:1)
  An orc (D:3)
  2 giant cockroaches (D:1)
  4 goblins
  4 hobgoblins
  A quokka (D:2)
  5 bats
  A giant newt (D:2)
  7 kobolds
  7 rats (D:1)
36 creatures vanquished.

Notes
Turn   | Place    | Note
--------------------------------------------------------------
     0 | D:1      | Sorcv, the Kobold Enchanter, began the quest for the Orb.
     0 | D:1      | Reached XP level 1. HP: 10/10 MP: 3/3
    73 | D:1      | Reached XP level 2. HP: 15/15 MP: 4/4
   149 | D:1      | Reached skill level 5 in Stealth
   191 | D:1      | Learned a level 2 spell: Ensorcelled Hibernation
   508 | D:1      | Reached XP level 3. HP: 15/19 MP: 6/6
   513 | D:1      | Learned a level 3 spell: Confuse
   636 | D:2      | Found a burning altar of Makhleb.
   637 | D:2      | Found a shimmering altar of Xom.
   727 | D:2      | Reached skill level 6 in Stealth
   824 | D:2      | Reached XP level 4. HP: 24/24 MP: 0/7
  1216 | D:3      | Killed from afar by an orc priest

Action                   |  1- 3 |  4- 6 || total
-------------------------+-------+-------++-------
Melee: Dagger            |    67 |    19 ||    86
 Cast: Ensorcelled Hiber |     2 |       ||     2
 Stab: Sleeping          |    11 |     1 ||    12
